[Event "Titled Tuesday Blitz August 08 Early 2023"]
[White "Lazavik, Denis"]
[Black "Sjugirov, Sanan"]
[WhiteFideId "13515110"]
[BlackFideId "4189302"]
[WhiteElo "3052"]
[BlackElo "2945"]
[Result "1-0"]
[Round "10"]
[TimeControl "180+1"]
[Date "2023.08.08"]
[WhiteClock "0:00:18"]
[BlackClock "0:00:00"]
[Board "3"]

1. d4 Nf6 2. c4 e6 3. Nf3 d5 4. g3 Bb4+ 5. Bd2 Be7 6. Bg2 O-O 7. O-O c6 8. Qc2 b6 9. Nc3 Ba6 10. cxd5 cxd5 11. Ne5 Bb7 12. Rfc1 Nfd7 13. Nd3 Nc6 14. e3 Rc8 15. Qa4 a6 16. Ne2 b5 17. Qd1 Qb6 18. Rc2 Na5 19. b3 Rxc2 20. Qxc2 Rc8 21. Qd1 Nc6 22. b4 Qd8 23. Nc5 Nxc5 24. bxc5 Na5 25. a4 Nc4 26. axb5 axb5 27. Bb4 Ra8 28. Nc3 Bc6 29. Qb1 Bf6 30. Rxa8 Qxa8 31. Qa2 Qb7 32. Ne2 g5 33. Nc1 e5 34. Nb3 exd4 35. Nxd4 Bxd4 36. exd4 Qe7 37. Qb1 Qe6 38. Bf1 h6 39. Qe1 Qf6 40. Bc3 Bd7 41. Bg2 Be6 42. Qb1 Qg6 43. Qxb5 Qc2 44. Qb4 Qd1+ 45. Be1 Qxd4 46. c6 Qe5 47. Bc3 Qc7 48. Qc5 Qc8 49. Bxd5 Bxd5 50. Qxd5 Nb6 51. Qd4 1-0


[Site "https://www.chess.com"]

[Event "Titled Tuesday Blitz August 08 Early 2023"]
[White "Yeletsky, Ivan"]
[Black "Grischuk, Alexander"]
[WhiteFideId "24180327"]
[BlackFideId "4126025"]
[WhiteElo "2888"]
[BlackElo "3044"]
[Result "1-0"]
[Round "10"]
[TimeControl "180+1"]
[Date "2023.08.08"]
[WhiteClock "0:01:21"]
[BlackClock "0:00:17"]
[Board "4"]

1. e4 e5 2. Nf3 Nc6 3. Bb5 a6 4. Ba4 Bc5 5. c3 Nge7 6. O-O Ng6 7. d4 Ba7 8. Bg5 f6 9. Be3 O-O 10. Nbd2 d6 11. h3 Kh8 12. Re1 Bd7 13. Rc1 Qe8 14. Bc2 a5 15. a3 Qc8 16. Nf1 exd4 17. cxd4 f5 18. exf5 Bxf5 19. Bxf5 Qxf5 20. Qb3 Bb6 21. Ng3 Qf7 22. d5 Nce5 23. Ng5 Qd7 24. Bxb6 a4 25. Qe3 cxb6 26. Ne6 Rfc8 27. Nf5 b5 28. Nfxg7 Rc4 29. Nf5 Rg8 30. Rxc4 bxc4 31. f4 Nd3 32. Qd4+ Nge5 33. fxe5 dxe5 34. Rxe5 1-0


[Site "https://www.chess.com"]

[Event "Titled Tuesday Blitz August 08 Early 2023"]
[White "Mitrabha, Guha"]
[Black "Andreikin, Dmitry"]
[WhiteFideId "5057000"]
[BlackFideId "4158814"]
[WhiteElo "2843"]
[BlackElo "3008"]
[Result "0-1"]
[Round "10"]
[TimeControl "180+1"]
[Date "2023.08.08"]
[WhiteClock "0:00:10"]
[BlackClock "0:00:03"]
[Board "5"]

1. Nf3 b5 2. e4 Bb7 3. Bxb5 Bxe4 4. O-O c6 5. Ba4 Qa5 6. Nc3 Bxf3 7. Qxf3 Nf6 8. a3 e6 9. b4 Qc7 10. b5 Be7 11. d4 O-O 12. Bb3 d5 13. a4 Nbd7 14. Re1 Bb4 15. Bd2 Qa5 16. bxc6 Nb6 17. Re3 Rac8 18. Bc1 Rxc6 19. Na2 Bd6 20. Qe2 Nc4 21. Rh3 Rfc8 22. Nc3 a6 23. Nd1 Ne4 24. Ne3 Qc3 25. Rb1 Qxd4 26. Bxc4 dxc4 27. Bb2 c3 28. Bc1 Qxa4 29. Rh4 Be7 30. Rf4 Bg5 31. Rf3 h6 32. g3 Nd2 33. Bxd2 cxd2 34. Qxd2 Qe4 35. Qd1 Bxe3 36. Rxe3 Qxc2 37. Qxc2 Rxc2 38. Ra3 R2c6 39. Rb7 g5 40. Ra7 Rc1+ 41. Kg2 Rb1 42. R3xa6 Rcc1 43. h3 Rg1+ 44. Kh2 Rh1+ 45. Kg2 Rbg1+ 46. Kf3 Rh2 47. Ra2 Rf1 48. Rc2 Kg7 49. Ke3 Kg6 50. Rb7 Rxh3 51. Rcc7 f5 52. Rg7+ Kh5 53. Ke2 Rhh1 54. Rge7 Rd1 55. Kf3 Rhe1 56. Rb2 g4+ 57. Kf4 Re4# 0-1


[Site "https://www.chess.com"]

[Event "Titled Tuesday Blitz August 08 Early 2023"]
[White "Caruana, Fabiano"]
[Black "Kushko, Dmitriy"]
[WhiteFideId "2020009"]
[BlackFideId "14162261"]
[WhiteElo "3097"]
[BlackElo "2849"]
[Result "1-0"]
[Round "10"]
[TimeControl "180+1"]
[Date "2023.08.08"]
[WhiteClock "0:00:19"]
[BlackClock "0:00:04"]
[Board "6"]

1. e4 g6 2. d4 Bg7 3. Nc3 d6 4. Be3 a6 5. g4 b5 6. Bg2 Bb7 7. h4 Nd7 8. h5 c5 9. h6 Bxd4 10. Bxd4 cxd4 11. Qxd4 e5 12. Qxd6 Qe7 13. O-O-O Qxd6 14. Rxd6 Ke7 15. Rd2 Ngf6 16. g5 Nh5 17. Nge2 Rhd8 18. Nd5+ Bxd5 19. exd5 Kd6 20. Nc3 f5 21. gxf6 Ndxf6 22. Ne4+ Nxe4 23. Bxe4 Rf8 24. Rh3 Rf4 25. Re3 Rh4 26. b3 Nf6 27. Bg2 Rxh6 28. Rc3 Rh2 29. Rc6+ Kd7 30. f4 Ng4 31. d6 Rc8 32. Rxa6 exf4 33. Ra7+ Ke6 34. Bf3 Rh4 35. Re7+ Kf6 36. d7 Rd8 37. Re8 Rxd7 38. Rxd7 Ne5 39. Rd6+ 1-0


[Site "https://www.chess.com"]

[Event "Titled Tuesday Blitz August 08 Early 2023"]
[White "Sarana, Alexey"]
[Black "Rasulov, Vugar"]
[WhiteFideId "24133795"]
[BlackFideId "13402390"]
[WhiteElo "3078"]
[BlackElo "2847"]
[Result "1-0"]
[Round "10"]
[TimeControl "180+1"]
[Date "2023.08.08"]
[WhiteClock "0:01:56"]
[BlackClock "0:00:49"]
[Board "7"]

1. d4 d5 2. c4 e6 3. Nc3 a6 4. cxd5 exd5 5. Bf4 c6 6. e3 Bd6 7. Bxd6 Qxd6 8. Bd3 Ne7 9. Nf3 Bf5 10. Qb3 Bxd3 11. Qxb7 O-O 12. Qxa8 Qc7 13. Ne5 Bc4 14. Nxc4 dxc4 15. O-O Nc8 16. Na4 Nb6 17. Nxb6 Qxb6 18. d5 c5 19. Rac1 Rc8 20. Rxc4 Kf8 21. b4 1-0


[Site "https://www.chess.com"]

[Event "Titled Tuesday Blitz August 08 Early 2023"]
[White "Aronian, Levon"]
[Black "Pakleza, Zbigniew"]
[WhiteFideId "13300474"]
[BlackFideId "1119290"]
[WhiteElo "3035"]
[BlackElo "2837"]
[Result "1-0"]
[Round "10"]
[TimeControl "180+1"]
[Date "2023.08.08"]
[WhiteClock "0:01:13"]
[BlackClock "0:00:00"]
[Board "8"]

1. e4 d6 2. d4 Nf6 3. Nc3 c6 4. f4 Qb6 5. e5 Nd5 6. Nxd5 cxd5 7. c3 Bf5 8. Qb3 e6 9. Qxb6 axb6 10. Bb5+ Nc6 11. Nf3 Kd7 12. O-O Be7 13. exd6 Kxd6 14. g4 Bxg4 15. f5 Bxf3 16. Rxf3 Bf6 17. fxe6 fxe6 18. Bf4+ Kd7 19. a4 Rhf8 20. Kg2 Rae8 21. Re1 Bd8 22. Ree3 Rf6 23. Be5 Rg6+ 24. Kh1 Bf6 25. Bd3 Rh6 26. Bf4 Rh5 27. Rf1 e5 28. Be2 Rh4 29. Bg3 Re4 30. Rxe4 dxe4 31. d5 Na5 32. Bb5+ Kd8 33. b4 Nb3 34. Bf2 Rh8 35. d6 Kc8 36. Bxb6 Kb8 37. d7 Bd8 38. Be3 Bc7 39. Rb1 1-0


[Site "https://www.chess.com"]

[Event "Titled Tuesday Blitz August 08 Early 2023"]
[White "Paravyan, David"]
[Black "Ashraf, Artin"]
[WhiteFideId "4194985"]
[BlackFideId "22514805"]
[WhiteElo "3026"]
[BlackElo "2816"]
[Result "1-0"]
[Round "10"]
[TimeControl "180+1"]
[Date "2023.08.08"]
[WhiteClock "0:01:06"]
[BlackClock "0:00:00"]
[Board "9"]

1. e4 c5 2. Nf3 d6 3. d4 cxd4 4. Nxd4 Nf6 5. Nc3 a6 6. Bg5 e6 7. f4 h6 8. Bxf6 Qxf6 9. Qd2 g5 10. f5 Nc6 11. Nxc6 bxc6 12. O-O-O Rb8 13. Bc4 d5 14. exd5 cxd5 15. Bxd5 exd5 16. Rhe1+ Kd8 17. Qxd5+ Kc7 18. Re8 Bxf5 19. Qc4+ Kb7 20. Qb3+ Bb4 21. Qxb4+ Qb6 22. Re7+ Ka8 23. Qxb6 Rxb6 24. Rxf7 Bg6 25. Rg7 Rf8 26. Rdd7 Rc6 27. Kd1 Rf1+ 28. Ke2 Rf8 29. Ke3 1-0


[Site "https://www.chess.com"]

[Event "Titled Tuesday Blitz August 08 Early 2023"]
[White "Remizov, Yaroslav"]
[Black "Tabatabaei, M. Amin"]
[WhiteFideId "34134015"]
[BlackFideId "12521213"]
[WhiteElo "2835"]
[BlackElo "3014"]
[Result "1-0"]
[Round "10"]
[TimeControl "180+1"]
[Date "2023.08.08"]
[WhiteClock "0:01:02"]
[BlackClock "0:00:36"]
[Board "10"]

1. e4 d6 2. d4 Nf6 3. Nc3 e5 4. Nf3 exd4 5. Nxd4 Be7 6. Be3 O-O 7. Be2 Re8 8. O-O Bf8 9. f3 d5 10. Bg5 h6 11. Bxf6 Qxf6 12. Nxd5 Qd8 13. Kh1 c6 14. Ne3 Nd7 15. c3 Qc7 16. Qc2 Nf6 17. Bd3 Qf4 18. Qf2 a5 19. Nc4 Bc5 20. e5 Nd5 21. Rae1 b5 22. Re4 Qg5 23. Nd6 Rd8 24. h4 Qe7 25. Nxc6 Qxd6 26. exd6 Bxf2 27. Nxd8 Bg3 28. Re8# 1-0


[Site "https://www.chess.com"]

[Event "Titled Tuesday Blitz August 08 Early 2023"]
[White "Adewumi, Tanitoluwa"]
[Black "Matlakov, Maxim"]
[WhiteFideId "30966396"]
[BlackFideId "4168003"]
[WhiteElo "2768"]
[BlackElo "3004"]
[Result "0-1"]
[Round "10"]
[TimeControl "180+1"]
[Date "2023.08.08"]
[WhiteClock "0:00:00"]
[BlackClock "0:01:02"]
[Board "11"]

1. e4 c5 2. Nf3 d6 3. Bb5+ Nd7 4. a4 Nf6 5. Nc3 g6 6. O-O Bg7 7. a5 O-O 8. a6 bxa6 9. Bxa6 Bxa6 10. Rxa6 Nb8 11. Ra1 Nc6 12. d3 a5 13. Bd2 Nd7 14. b3 Nb4 15. Rc1 e6 16. Nb5 Qb6 17. Na3 Qc6 18. Nc4 d5 19. exd5 exd5 20. Ne3 Na2 21. Ra1 Bxa1 22. Qxa1 Nb4 23. Ng4 d4 24. Nxd4 cxd4 25. Qxd4 f6 26. c3 Nd5 27. c4 Ne7 28. Re1 Nf5 29. Qf4 Rfe8 30. Re4 Kf7 31. Nh6+ Nxh6 32. Qxh6 Rxe4 33. Qxh7+ Ke6 34. dxe4 Qxe4 35. h3 Ne5 36. f4 Qd4+ 37. Kh2 Qxd2 38. fxe5 Qf4+ 39. Kg1 Rd8 0-1


[Site "https://www.chess.com"]

[Event "Titled Tuesday Blitz August 08 Early 2023"]
[White "Le, Tuan Minh"]
[Black "Wagner, Dennis"]
[WhiteFideId "12401153"]
[BlackFideId "24650684"]
[WhiteElo "2980"]
[BlackElo "2761"]
[Result "0-1"]
[Round "10"]
[TimeControl "180+1"]
[Date "2023.08.08"]
[WhiteClock "0:00:45"]
[BlackClock "0:00:06"]
[Board "12"]

1. e4 e5 2. Nf3 Nc6 3. Bb5 a6 4. Ba4 Nf6 5. O-O Nxe4 6. d4 b5 7. Bb3 d5 8. dxe5 Be6 9. Nbd2 Be7 10. Qe2 Nc5 11. c3 Nxb3 12. Nxb3 O-O 13. Nbd4 Nxd4 14. cxd4 c5 15. dxc5 Bxc5 16. Rd1 d4 17. b4 Bxb4 18. Rxd4 Qa5 19. Rh4 Be7 20. Bg5 Bxg5 21. Nxg5 Qc3 22. Re1 Bc4 23. Qe4 Bd3 24. Qe3 Rac8 25. Nxh7 Bxh7 26. Qe2 Bd3 27. Qe3 Bg6 28. Qe2 Rfd8 29. h3 Rd4 30. Rxd4 Qxd4 31. e6 Re8 32. e7 Qd7 33. h4 Bf5 34. Qf3 Be6 35. h5 Qxe7 36. Qg3 Qf6 37. Re5 Rd8 38. f3 Rd1+ 39. Kh2 Rd4 40. Rg5 Kh7 41. Kh1 Rd5 42. f4 Rxg5 43. fxg5 Qf1+ 44. Kh2 Qf5 45. a3 Qg4 46. Qd3+ Bf5 0-1


[Site "https://www.chess.com"]

[Event "Titled Tuesday Blitz August 08 Early 2023"]
[White "Indjic, Aleksandar"]
[Black "Jaracz, Pawel"]
[WhiteFideId "911925"]
[BlackFideId "1102222"]
[WhiteElo "2937"]
[BlackElo "2760"]
[Result "1-0"]
[Round "10"]
[TimeControl "180+1"]
[Date "2023.08.08"]
[WhiteClock "0:00:06"]
[BlackClock "0:00:04"]
[Board "13"]

1. e4 c5 2. Nf3 e6 3. d4 cxd4 4. Nxd4 a6 5. Nc3 d6 6. g4 b5 7. g5 Bb7 8. a3 Nd7 9. h4 Rc8 10. Bg2 Ne7 11. h5 Nc6 12. Nde2 Be7 13. f4 Qb6 14. Rh3 Na5 15. Be3 Qc7 16. b3 Nc6 17. Qd2 b4 18. axb4 Nxb4 19. Kf1 O-O 20. Kg1 Rfd8 21. Bf2 Bf8 22. Rc1 Nc5 23. Nd4 e5 24. Nf5 g6 25. hxg6 hxg6 26. Nh6+ Bxh6 27. gxh6 Ne6 28. Ne2 Na2 29. Ra1 Qxc2 30. Rxa2 Qb1+ 31. Kh2 Bxe4 32. Rb2 Rc2 33. h7+ Kh8 34. Qxc2 Qxc2 35. Rxc2 Bxc2 36. Bh4 g5 37. fxg5 Bg6 38. Bd5 Ng7 39. Rc3 Nf5 40. Bf2 Kxh7 41. Rc7 Kg7 42. Nc3 Rb8 43. Ne4 Rb5 44. Bc4 Ra5 45. Nc3 Ra1 46. Rd7 Rc1 47. Ne4 Rc2 48. Kg1 Nd4 49. Bxd4 Bxe4 50. Be3 d5 51. Bxd5 Rc3 52. Rxf7+ Kg6 53. Rf6+ Kh5 54. Bxe4 Rxe3 55. Bb7 Kxg5 56. Rb6 e4 57. Kf2 Rf3+ 58. Ke2 Kf4 59. Rf6+ Ke5 60. Rxf3 exf3+ 61. Kxf3 a5 62. Bc6 Kd4 63. Ba4 1-0


[Site "https://www.chess.com"]

[Event "Titled Tuesday Blitz August 08 Early 2023"]
[White "Gholami Orimi, Mahdi"]
[Black "Nazari, Arad"]
[WhiteFideId "12558486"]
[BlackFideId "12577324"]
[WhiteElo "2906"]
[BlackElo "2757"]
[Result "1-0"]
[Round "10"]
[TimeControl "180+1"]
[Date "2023.08.08"]
[WhiteClock "0:01:00"]
[BlackClock "0:00:14"]
[Board "14"]

1. f4 Nh6 2. e4 g6 3. Nf3 d5 4. exd5 Qxd5 5. Nc3 Qa5 6. d4 Bg7 7. Bc4 O-O 8. O-O c5 9. Nd5 cxd4 10. Nxe7+ Kh8 11. Nxc8 Rxc8 12. Bb3 Nc6 13. f5 Nxf5 14. Ng5 Ne5 15. Bf4 Ne3 16. Qe2 Rf8 17. Bxe5 Bxe5 18. Nxf7+ Kg7 19. Rf3 Rae8 20. Kh1 Bc7 21. Qd3 Qc5 22. c3 Qd6 23. Nxd6 1-0


[Site "https://www.chess.com"]

[Event "Titled Tuesday Blitz August 08 Early 2023"]
[White "Korchmar, Vasiliy"]
[Black "Baskakov, Egor"]
[WhiteFideId "24131750"]
[BlackFideId "24197866"]
[WhiteElo "2723"]
[BlackElo "2883"]
[Result "1-0"]
[Round "10"]
[TimeControl "180+1"]
[Date "2023.08.08"]
[WhiteClock "0:02:00"]
[BlackClock "0:01:53"]
[Board "15"]

1. e4 c5 2. d4 cxd4 3. Qxd4 Nc6 4. Qd3 g6 5. Nc3 Bg7 6. Nf3 Nf6 7. Be2 O-O 8. O-O d6 9. Nd5 Bg4 10. c3 e6 11. Nxf6+ Bxf6 12. Bh6 Re8 13. Rad1 Ne5 14. Nxe5 Bxe2 15. Qxe2 Bxe5 16. f4 Bg7 17. Bxg7 Kxg7 18. Qe3 Qa5 19. Rxd6 Qxa2 20. f5 exf5 21. Qd4+ Kg8 22. exf5 Qxb2 23. fxg6 hxg6 24. Qd5 Rf8 25. Rxg6+ 1-0


[Site "https://www.chess.com"]

[Event "Titled Tuesday Blitz August 08 Early 2023"]
[White "Yaran, Siar"]
[Black "Ibarra Jerez, Jose Carlos"]
[WhiteFideId "6323006"]
[BlackFideId "2226332"]
[WhiteElo "2719"]
[BlackElo "2861"]
[Result "1-0"]
[Round "10"]
[TimeControl "180+1"]
[Date "2023.08.08"]
[WhiteClock "0:00:39"]
[BlackClock "0:00:34"]
[Board "16"]

1. e4 c5 2. Nf3 e6 3. Nc3 a6 4. d4 cxd4 5. Nxd4 b5 6. Bd3 Qb6 7. Nb3 Qc7 8. O-O Bb7 9. Re1 Be7 10. a3 Nc6 11. Be3 Nf6 12. f4 d6 13. Qe2 O-O 14. Rad1 Rac8 15. g4 Rfe8 16. g5 Nd7 17. Bf2 Nb6 18. Qh5 Nc4 19. Bxc4 bxc4 20. Nd2 Bf8 21. Re3 g6 22. Qh4 d5 23. exd5 Ne7 24. Nde4 Bg7 25. d6 Nf5 26. dxc7 Nxh4 27. Nd6 Nf5 28. Nxe8 Nxe3 29. Bxe3 Bf8 30. Rd8 Be7 31. Rxc8 Bxc8 32. Ne4 Kf8 33. N8d6 Bd7 34. c8=Q+ Bxc8 35. Nxc8 Bd8 36. Bc5+ Kg7 37. Ncd6 Ba5 38. Ne8+ Kg8 39. c3 Bd8 40. N4f6+ Kh8 41. Bf8 1-0


[Site "https://www.chess.com"]

[Event "Titled Tuesday Blitz August 08 Early 2023"]
[White "Khubukshanov, Erdem"]
[Black "Pham, Le Thao Nguyen"]
[WhiteFideId "54114527"]
[BlackFideId "12401226"]
[WhiteElo "2855"]
[BlackElo "2666"]
[Result "1-0"]
[Round "10"]
[TimeControl "180+1"]
[Date "2023.08.08"]
[WhiteClock "0:00:39"]
[BlackClock "0:00:00"]
[Board "17"]

1. Nf3 Nf6 2. g3 d5 3. Bg2 c6 4. O-O Bf5 5. c4 e6 6. b3 h6 7. Bb2 Nbd7 8. d3 Be7 9. Nbd2 O-O 10. Rc1 a5 11. a3 Bh7 12. Rc2 Bd6 13. Qa1 Qe7 14. Re1 Rfd8 15. Rcc1 Bc5 16. h3 Bd6 17. Nf1 Rdc8 18. N1d2 Qf8 19. Rc2 Qe7 20. Rec1 Rd8 21. Nb1 Re8 22. Nc3 Red8 23. Re1 Nc5 24. Qa2 Ncd7 25. Rd2 Rdc8 26. Rc1 Rd8 27. Na4 Re8 28. Nc3 Red8 29. Qa1 Re8 30. Rdc2 Red8 31. Nd1 Re8 32. Ne3 Qf8 33. Nd4 e5 34. Ndf5 d4 35. Nxd6 Qxd6 36. c5 Nxc5 37. Rxc5 dxe3 38. fxe3 Nd7 39. R5c4 Bf5 40. b4 axb4 41. Rxb4 Qg6 42. Kh2 Ra7 43. Rf1 Be6 44. Qc1 Rea8 45. Qc3 Qg5 46. Bc1 Qe7 47. Bb2 f6 48. Rc1 Qf7 49. d4 exd4 50. exd4 Bd5 51. e4 Be6 52. Rb1 1-0


[Site "https://www.chess.com"]

[Event "Titled Tuesday Blitz August 08 Early 2023"]
[White "Pranav Anand"]
[Black "Pranesh M"]
[WhiteFideId "46626786"]
[BlackFideId "35028600"]
[WhiteElo "2864"]
[BlackElo "3038"]
[Result "1-0"]
[Round "10"]
[TimeControl "180+1"]
[Date "2023.08.08"]
[WhiteClock "0:01:14"]
[BlackClock "0:00:44"]
[Board "19"]

1. Nf3 Nf6 2. c4 b6 3. g3 Bb7 4. Bg2 e6 5. O-O Be7 6. b3 O-O 7. Bb2 d6 8. d4 Nbd7 9. Nbd2 Re8 10. Qc2 Bf8 11. e4 e5 12. d5 a5 13. a3 Nc5 14. b4 Na6 15. Bc3 axb4 16. axb4 Nd7 17. Nh4 g6 18. Nb3 Be7 19. Nf3 Rf8 20. Bh3 Nf6 21. Nfd2 Nh5 22. Qd3 Bc8 23. Bg2 f5 24. b5 Nc5 25. Nxc5 Rxa1 26. Rxa1 bxc5 27. Ra8 Qe8 28. Ba5 Qf7 29. Bxc7 f4 30. Qe2 Kg7 31. Bf3 fxg3 32. hxg3 Bh3 33. Rxf8 Bxf8 34. b6 Bc8 35. Nb3 Qd7 36. Bxh5 gxh5 37. Qxh5 Be7 38. Na5 Qa4 39. Nc6 Bf6 40. Bxd6 Qxc4 41. Bxe5 Qxe4 42. Qg5+ Qg6 43. Bxf6+ Kf7 44. Ne5+ Ke8 45. Nxg6 Be6 46. dxe6 h6 47. Qd5 1-0


[Site "https://www.chess.com"]

[Event "Titled Tuesday Blitz August 08 Early 2023"]
[White "Kramnik, Vladimir"]
[Black "Bharath Subramaniyam H"]
[WhiteFideId "4101588"]
[BlackFideId "46634827"]
[WhiteElo "2984"]
[BlackElo "2835"]
[Result "1-0"]
[Round "10"]
[TimeControl "180+1"]
[Date "2023.08.08"]
[WhiteClock "0:01:58"]
[BlackClock "0:01:00"]
[Board "20"]

1. e4 e5 2. Nf3 Nc6 3. Bb5 a6 4. Ba4 Nf6 5. d3 d6 6. c3 g6 7. O-O Bg7 8. h3 O-O 9. Be3 Bd7 10. Nbd2 h6 11. Re1 Nh5 12. d4 b5 13. Bc2 Nf4 14. a4 g5 15. Nf1 b4 16. Ng3 bxc3 17. bxc3 Qc8 18. Nf5 Bxf5 19. exf5 Ne7 20. dxe5 dxe5 21. Bxf4 gxf4 22. Nxe5 Rd8 23. Qh5 Bxe5 24. Rxe5 Nc6 25. f6 1-0


[Site "https://www.chess.com"]

[Event "Titled Tuesday Blitz August 08 Early 2023"]
[White "Kamsky, Gata"]
[Black "Rustemov, Alexander"]
[WhiteFideId "2000024"]
[BlackFideId "4119002"]
[WhiteElo "2955"]
[BlackElo "2829"]
[Result "1/2-1/2"]
[Round "10"]
[TimeControl "180+1"]
[Date "2023.08.08"]
[WhiteClock "0:00:11"]
[BlackClock "0:00:25"]
[Board "21"]

1. e4 e6 2. Qe2 c5 3. f4 Nc6 4. Nf3 d5 5. exd5 Qxd5 6. Nc3 Qd7 7. g3 b6 8. Bg2 Bb7 9. f5 O-O-O 10. fxe6 Qxe6 11. Qxe6+ fxe6 12. Ng5 Nd4 13. Bxb7+ Kxb7 14. Kd1 Nh6 15. d3 Be7 16. Nge4 Nhf5 17. b3 Kc6 18. Ne2 Rhf8 19. c3 Nb5 20. Kc2 Nbd6 21. Nf4 Kd7 22. Re1 Rde8 23. Bd2 Nxe4 24. Rxe4 Bd6 25. Nh3 h6 26. Rae1 Rf6 27. Nf4 Bxf4 28. Bxf4 Nd6 29. R4e2 g5 30. Be5 Rf3 31. g4 Nf7 32. Bg3 Rf6 33. a4 a6 34. Rd2 Kc6 35. d4 cxd4 36. Rxd4 e5 37. Rc4+ Kb7 38. Rce4 Rfe6 39. Rf1 Nd6 40. Re3 b5 41. axb5 axb5 42. Ref3 Kc6 43. Ra1 Ne4 44. Rf7 Nxg3 45. hxg3 e4 46. Kd2 e3+ 47. Ke2 Kd5 48. Rd1+ Kc6 49. Rdd7 Re4 50. Rc7+ Kb6 51. Rb7+ Kc6 52. Rfc7+ Kd6 53. Rh7 Rxg4 54. Rxh6+ Kc5 55. Rc7+ Kd5 56. Rd7+ Kc5 57. Rc7+ Kd5 58. Rd7+ Kc5 59. Rc7+ 1/2-1/2


[Site "https://www.chess.com"]

[Event "Titled Tuesday Blitz August 08 Early 2023"]
[White "Alekseev, Evgeny"]
[Black "Mikhailovsky, Vladimir"]
[WhiteFideId "4138147"]
[BlackFideId "34105414"]
[WhiteElo "2924"]
[BlackElo "2809"]
[Result "1-0"]
[Round "10"]
[TimeControl "180+1"]
[Date "2023.08.08"]
[WhiteClock "0:00:52"]
[BlackClock "0:00:12"]
[Board "22"]

1. e4 Nf6 2. e5 Nd5 3. d4 d6 4. Nf3 dxe5 5. Nxe5 c6 6. Be2 Bf5 7. O-O Nd7 8. c4 N5f6 9. Nf3 e6 10. Nc3 Bd6 11. h3 O-O 12. Be3 Qc7 13. Nh4 Bf4 14. Nxf5 exf5 15. Bxf4 Qxf4 16. Bf3 Rad8 17. g3 Qh6 18. Bg2 f4 19. Qd2 Ne5 20. b3 Ng6 21. Rad1 Nh5 22. d5 Ne5 23. Rfe1 f6 24. g4 f3 25. Qxh6 gxh6 26. gxh5 fxg2 27. Re3 Kf7 28. f4 Nd7 29. Kxg2 Nc5 30. Kf3 a5 31. Ne4 Nxe4 32. Rxe4 cxd5 33. Red4 a4 34. Rxd5 Rxd5 35. Rxd5 axb3 36. axb3 Ke6 37. f5+ Ke7 38. Rb5 Rb8 39. Rb6 Ra8 40. Rxb7+ Kd6 41. Ke4 Ra1 42. Rb6+ Kc5 43. Rxf6 Ra3 44. Rxh6 Rxb3 45. Rxh7 Kd6 46. Rh6+ Ke7 47. c5 Rxh3 48. c6 Rxh5 1-0


[Site "https://www.chess.com"]

[Event "Titled Tuesday Blitz August 08 Early 2023"]
[White "Zelbel, Patrick"]
[Black "Kazakouski, Valery"]
[WhiteFideId "24624322"]
[BlackFideId "13507443"]
[WhiteElo "2805"]
[BlackElo "2896"]
[Result "0-1"]
[Round "10"]
[TimeControl "180+1"]
[Date "2023.08.08"]
[WhiteClock "0:00:10"]
[BlackClock "0:00:08"]
[Board "23"]

1. e4 c5 2. Nf3 a6 3. b4 cxb4 4. a3 b5 5. axb4 Bb7 6. Bd3 e6 7. c3 Nf6 8. Qe2 d5 9. e5 Nfd7 10. O-O Nc6 11. Re1 g5 12. h3 Bg7 13. Bc2 Ncxe5 14. d4 Nxf3+ 15. Qxf3 h6 16. Nd2 O-O 17. Nb3 Rc8 18. Qd3 Re8 19. Nc5 Nxc5 20. bxc5 Rc6 21. f4 f5 22. Qg3 Qc7 23. Bxf5 b4 24. Qd3 gxf4 25. Bh7+ Kh8 26. Bg6 Rf8 27. cxb4 e5 28. dxe5 f3 29. Ra2 Rg8 30. Bh7 Re8 31. gxf3 Rxe5 32. Rxe5 Qxe5 33. Re2 Qg3+ 34. Rg2 Qe1+ 35. Kh2 Re6 36. Qf5 Bc8 37. Bxh6 Qe5+ 38. Qxe5 Bxe5+ 39. f4 Kxh7 40. fxe5 Kxh6 41. Rg8 Bb7 42. Rb8 Bc6 43. Rb6 Kg6 44. Rxa6 Kf5 45. h4 d4 46. Kg3 d3 47. Ra3 Bb5 48. Ra2 Kxe5 49. h5 Kd4 50. Rh2 Kc3 51. h6 Re8 52. h7 Rh8 53. Kf4 d2 54. Rh1 Kc2 55. Ke3 d1=Q 56. Rxd1 Kxd1 57. Kd4 Rxh7 58. Kc3 Rd7 59. Kb2 Rd2+ 60. Ka3 Rd3+ 61. Ka2 Kd2 62. Ka1 Kc3 63. Ka2 Kxb4 64. Ka1 Kb3 65. c6 Rd1# 0-1


[Site "https://www.chess.com"]

[Event "Titled Tuesday Blitz August 08 Early 2023"]
[White "Vokhidov, Shamsiddin"]
[Black "Sychev, Klementy"]
[WhiteFideId "14204223"]
[BlackFideId "4114060"]
[WhiteElo "2894"]
[BlackElo "2781"]
[Result "1-0"]
[Round "10"]
[TimeControl "180+1"]
[Date "2023.08.08"]
[WhiteClock "0:00:50"]
[BlackClock "0:00:00"]
[Board "24"]

1. e4 c5 2. Nf3 d6 3. d4 cxd4 4. Nxd4 Nf6 5. Nc3 g6 6. f3 Bg7 7. Be3 Nc6 8. Qd2 O-O 9. O-O-O Rb8 10. h4 h5 11. Bh6 Bxh6 12. Qxh6 Nxd4 13. Rxd4 b5 14. e5 Nh7 15. exd6 e5 16. Rd1 b4 17. Ne4 Be6 18. g4 b3 19. axb3 Qa5 20. Kb1 Rxb3 21. cxb3 Bxb3 22. Nc3 Bxd1 23. Nxd1 hxg4 24. Bc4 Qc5 25. Qxg6+ Kh8 26. Qd3 gxf3 27. Ne3 Nf6 28. Qf5 Qxd6 29. Rd1 Qc6 30. Qxe5 Re8 31. Qg5 Nh7 32. Qf4 Qf6 33. Nf5 a5 34. Qxf3 Rb8 35. Nd4 Qg7 36. Qc3 a4 37. Nb5 Nf6 38. Rf1 Ne4 39. Qxg7+ Kxg7 40. Rxf7+ Kg6 41. Rd7 Kh5 42. Ka2 a3 43. Kxa3 Nf6 44. Rd4 Kg6 45. Nd6 Ra8+ 46. Kb4 Rd8 47. Kc3 Rxd6 48. Bd3+ Ne4+ 49. Bxe4+ 1-0


[Site "https://www.chess.com"]

[Event "Titled Tuesday Blitz August 08 Early 2023"]
[White "Kumsiashvili, Nikoloz"]
[Black "Galchenko, Matvey"]
[WhiteFideId "13600621"]
[BlackFideId "24175480"]
[WhiteElo "2763"]
[BlackElo "2879"]
[Result "0-1"]
[Round "10"]
[TimeControl "180+1"]
[Date "2023.08.08"]
[WhiteClock "0:00:13"]
[BlackClock "0:01:10"]
[Board "25"]

1. Nf3 c5 2. b3 d5 3. Bb2 f6 4. c4 d4 5. d3 e5 6. g3 Nc6 7. Bg2 Be6 8. O-O Qd7 9. Re1 Nge7 10. e3 Ng6 11. exd4 cxd4 12. a3 a5 13. Nbd2 Be7 14. Ne4 O-O 15. Rb1 h6 16. Bc1 Bg4 17. Ned2 Qf5 18. Qe2 Qh5 19. Qf1 Bd7 20. h3 f5 21. b4 axb4 22. axb4 Bxb4 23. Rxb4 Nxb4 24. Nxe5 Nxe5 25. Rxe5 Bc6 26. g4 Qg6 27. g5 Bxg2 28. Kxg2 Qxg5+ 29. Kh1 Qf6 30. Nf3 Ra1 31. Kh2 Rxc1 32. Qxc1 Nxd3 33. Qe1 Nxe1 0-1


[Site "https://www.chess.com"]

[Event "Titled Tuesday Blitz August 08 Early 2023"]
[White "Skliarov, Viktor"]
[Black "Demidov, Mikhail"]
[WhiteFideId "14106736"]
[BlackFideId "4197143"]
[WhiteElo "2701"]
[BlackElo "2947"]
[Result "0-1"]
[Round "10"]
[TimeControl "180+1"]
[Date "2023.08.08"]
[WhiteClock "0:00:03"]
[BlackClock "0:00:23"]
[Board "26"]

1. e4 c6 2. d4 d5 3. e5 c5 4. dxc5 e6 5. Be3 Ne7 6. f4 g5 7. fxg5 Nf5 8. Bf2 Nc6 9. Nf3 Bd7 10. Bd3 Nfe7 11. Nbd2 Ng6 12. Bxg6 fxg6 13. O-O Bg7 14. Re1 O-O 15. c4 Qe7 16. cxd5 exd5 17. Nb3 Bg4 18. Qxd5+ Kh8 19. Nbd4 Rad8 20. Qe4 Nxd4 21. Nxd4 Bc8 22. h4 Qxc5 23. Rac1 Qb6 24. Nf5 Qxb2 25. Rc2 gxf5 26. Rxb2 fxe4 27. Rxe4 b6 28. Kh2 Bb7 29. Re1 Rde8 30. Bg3 Bd5 31. Rd2 Be6 32. a3 Kg8 33. Rc1 Rf7 34. Rc6 Rfe7 35. h5 h6 36. gxh6 Bxh6 37. Re2 Bg7 38. Bh4 Rd7 39. Bf6 Bd5 40. Rcc2 Bxf6 41. exf6 Rxe2 42. Rxe2 Kf7 43. g4 Kxf6 44. Kg3 Rc7 45. Kh4 Rc4 46. Rf2+ Kg7 47. Kg5 Be6 48. Rg2 b5 49. Rg3 a5 50. h6+ Kh7 51. Kh5 Bxg4+ 52. Rxg4 Rxg4 53. Kxg4 b4 0-1


[Site "https://www.chess.com"]